Map: New Repugnancy LE

Players

TiPtOP

  • Race: Terran Terran
  • League: Silver
  • Spawn Location: 7:00

PIOKENSHIN - Winner!

  • Race: Terran Terran
  • League: Gold
  • Spawn Location: 1:00

VOD

Have the link to the VOD?

Description

Time

  • Played on: Aug. 13, 2019, 9:17 a.m.
  • Length: 10:19
Show
View Real Time Build Order
Export as new Build Order

TiPtOP Terran 

Build Orders:  

Get SALT Encoding   

  12  0:01  SCV  
  13  0:14  SCV  
  14  0:18  Supply Depot  
  14  0:29  SCV  
  15  0:41  Refinery  
  15  0:43  Barracks  
  15  0:47  SCV  
  16  0:59  SCV  
  17  1:11  SCV  
  18  1:24  SCV  
  19  1:32  Barracks Reactor  
  19  1:36  Command Center  
  19  1:51  SCV, Barracks  
  20  2:11  Marine x2  
  22  2:29  SCV  
  23  2:40  Supply Depot, Barracks Tech Lab  
  23  2:47  Marine x2  
  25  2:53  SCV  
  25  2:55  Orbital Command  
  25  3:08  Marine x2  
  25  3:09  Marauder  
  25  3:10  Stimpack  
  29  3:15  Supply Depot  
  29  3:22  SCV  
  30  3:37  SCV  
  30  3:38  SCV  
  30  3:41  Marine x2  
  33  3:42  Marauder  
  36  3:49  SCV  
  36  3:50  SCV  
  36  3:52  Barracks  
  38  4:01  SCV, Marine x2  
  38  4:02  SCV  
  42  4:07  Marauder  
  44  4:15  Refinery  
  42  4:34  Marine  
  42  4:35  Marine x2  
  45  4:44  SCV  
  47  4:51  Barracks Reactor  
  47  4:52  Marine  
  46  4:54  Marauder  
  46  4:57  Factory  
  46  4:59  SCV  
  50  5:01  Orbital Command  
  50  5:18  Marine x2  
  50  5:20  Marauder  
  50  5:21  Combat Shield  
  51  5:42  Factory Reactor  
  51  5:47  Starport  
  51  5:54  SCV x2  
  37  6:30  Marine x2  
  37  6:31  Marine x2  
  31  6:47  Viking  
  31  6:50  Widow Mine x2  
  34  6:56  Marine x3  
  36  7:02  Engineering Bay  
  36  7:08  Supply Depot  
  36  7:22  Marine x2  
  38  7:37  Marine  
  38  7:38  Marine  
  31  7:47  SCV  
  23  7:59  SCV  
  18  8:07  Marine x3  
  18  8:09  Starport Reactor  
  18  8:12  SCV  
  20  8:14  Engineering Bay  
  20  8:21  Marine x2  
  22  8:31  Marine  
  22  8:32  Marine x2  
  25  8:39  Marine  
  26  8:46  Missile Turret  
  25  8:57  Missile Turret  
  25  8:59  Missile Turret  
  15  9:18  Missile Turret  
  10  9:26  Viking x2  
Show
View Real Time Build Order
Export as new Build Order

PIOKENSHIN Terran - Winner!

Build Orders: Liberator Opening 

Get SALT Encoding   

  12  0:01  SCV  
  13  0:13  SCV  
  14  0:24  Supply Depot  
  14  0:27  Refinery  
  14  0:28  SCV  
  15  0:50  SCV, Barracks  
  16  1:01  Refinery  
  16  1:02  SCV  
  17  1:13  Supply Depot  
  17  1:14  SCV  
  18  1:28  SCV  
  19  1:40  Factory  
  19  1:41  Marine  
  19  1:46  SCV  
  21  1:58  Orbital Command  
  21  2:00  Marine  
  22  2:18  Marine  
  23  2:25  Widow Mine  
  25  2:30  Starport  
  25  2:39  Marine  
  25  2:41  SCV  
  27  2:50  Liberator  
  27  3:04  Factory Reactor  
  27  3:12  Fusion Core  
  30  3:30  Marine  
  31  3:47  Supply Depot  
  31  3:49  Supply Depot  
  31  3:51  Starport Tech Lab  
  31  4:06  Command Center  
  31  4:09  Widow Mine x2, SCV  
  33  4:41  Marine  
  33  4:45  Battlecruiser  
  40  4:49  Supply Depot  
  40  4:51  Armory  
  40  5:01  Weapon Refit  
  36  5:48  Widow Mine x2  
  40  6:24  Battlecruiser  
  46  6:26  Widow Mine  
  46  6:27  Widow Mine  
  46  6:31  SCV  
  51  6:43  SCV  
  52  6:56  SCV  
  53  7:08  SCV  
  54  7:12  Refinery  
  54  7:15  Refinery  
  54  7:17  Starport  
  54  7:20  SCV  
  54  7:21  Supply Depot  
  55  7:23  Terran Vehicle And Ship Armor Level 1  
  55  7:28  Widow Mine x2  
  59  7:32  Factory, SCV  
  60  7:44  SCV  
  61  7:56  SCV  
  62  8:14  Battlecruiser  
  62  8:15  Starport Tech Lab  
  62  8:17  Factory Tech Lab  
  70  8:20  Widow Mine  
  70  8:41  Command Center  
  70  9:55  SCV  
  71  10:00  Refinery  
  71  10:07  SCV  
Tags
 
Add a new tag
Caveats
  • Supply blocks, unpowered buildings, or Contaminate may cause inaccurate times.
  • Supply counts are checked every 10 seconds.